 Dungeon Crawl Stone Soup version 0.30-a0-726-gd89dcf765f (webtiles) character file.

Game seed: 3932922666745896001

132 hikkokomori the Ducker (level 5, -2/41 HPs)
             Began as a Merfolk Gladiator on Jan 30, 2023.
             Frozen to death by an endoplasm (5 damage)
             ... on level 4 of the Dungeon.
             The game lasted 00:01:48 (1788 turns).

hikkokomori the Ducker (Merfolk Gladiator)          Turns: 1788, Time: 00:01:48

Health: -2/41      AC:  3    Str: 14    XL:     5   Next: 15%
Magic:  5/5        EV: 14    Int:  7    God:
Gold:   83         SH:  0    Dex: 18    Spells: 4/4 levels left

rFire   . . .      SeeInvis .    a - +1 long sword
rCold   . . .      Faith    .    (no shield)
rNeg    . . .      Spirit   .    b - +0 leather armour
rPois   .          Reflect  .    c - +0 helmet
rElec   .          Harm     .    (no cloak)
rCorr   .          Rampage  .    l - +2 pair of gloves
Will    .....                    (no boots)
Stlth   ++                       (no amulet)
HPRegen 0.26/turn                (no ring)
MPRegen 0.09/turn                (no ring)

@: corroded
A: (nimble swimmer 2), mertail
a: no special abilities


You were on level 4 of the Dungeon.
You visited 1 branch of the dungeon, and saw 3 of its levels.

You collected 83 gold pieces.

Inventory:

Hand Weapons
 a - a +1 long sword (weapon)
Missiles
 d - 3 throwing nets (quivered)
 e - a javelin
Armour
 b - a +0 leather armour (worn)
 c - a +0 helmet (worn)
 l - a +2 pair of gloves (worn)
Potions
 f - 2 potions of lignification
 j - 2 potions of magic
 k - a potion of brilliance {unknown}
 m - a potion of mutation


   Skills:
 + Level 3.4 Fighting
 + Level 4.6 Long Blades
 - Level 2.0 Throwing
 + Level 5.0 Dodging
 + Level 2.5 Stealth


You had 4 spell levels left.
You didn't know any spells.
Your spell library contained the following spells:

 Spells                   Type           Power      Damage    Failure   Level
 Freeze                   Ice            0%         1d3       52%         1
 Necrotise                Necr           0%         1d4       52%         1
 Lesser Beckoning         Tloc           0%         N/A       65%         2
 Frozen Ramparts          Ice            0%         1d1       87%         3
 Gell's Gravitas          Tloc           0%         N/A       87%         3
 Hailstorm                Conj/Ice       0%         3d3       87%         3
 Teleport Other           Tloc           0%         N/A       87%         3
 Vampiric Draining        Necr           0%         2d6       87%         3
 Summon Lightning Spire   Summ/Air       0%         N/A       99%         4
 Agony                    Necr           0%         N/A       100%        5
 Storm Form               Tmut/Air       0%         N/A       100%        7
 Maxwell's Capacitive Co  Air            0%         ∞         100%        8


Dungeon Overview and Level Annotations

Branches:
Dungeon (2/15)

Altars:


Innate Abilities, Weirdness & Mutations

((You are very nimble when in or above water. (Stealth+, EV+, Speed+++)))
Your lower body shifts to a powerful aquatic tail in water.


Message History

The jelly is heavily wounded.
The jelly closely misses you. The endoplasm freezes you.
You are frozen.
The endoplasm freezes you.
You are frozen.
The jelly misses you.
You hit the jelly.
Your hands burn!
The jelly is almost dead.
The jelly hits you.
You are splashed with acid!
The endoplasm hits you.
You are too injured to fight recklessly!
You are too injured to fight recklessly!
You are too injured to fight recklessly!
You are too injured to fight recklessly!
You are too injured to fight recklessly!
You are too injured to fight recklessly!
You are too injured to fight recklessly!
You are too injured to fight recklessly!
You are too injured to fight recklessly!
You are too injured to fight recklessly!
You are too injured to fight recklessly!
You are too injured to fight recklessly!
You are too injured to fight recklessly!
You are too injured to fight recklessly!
You are too injured to fight recklessly!
You are too injured to fight recklessly!
You are too injured to fight recklessly!
You barely miss the jelly.
The jelly is almost dead.
The endoplasm freezes you.
You are frozen.
The jelly hits you.
You are splashed with acid!
* * * LOW HITPOINT WARNING * * *
You hit the jelly but do no damage.
Your hands burn!
* * * LOW HITPOINT WARNING * * *
The jelly is almost dead.
The jelly hits you but does no damage. The endoplasm closely misses you.
You slash the jelly!
You kill the jelly!
The endoplasm freezes you.
You are frozen.
You die...

#...................#
#...###.##.##############
#...##########...........
.............#...........
.............#...........
.............#...........
.............#...........
.............#...J.......
######'####+##..@.#'#####
..................# ..
..................# ...
..................# ...
..........†.......# '#
#....#'########'#... .
#....#.. ..#....
#....#..# ..#....
#....'..+ .# ..


You could see an endoplasm.

Vanquished Creatures
  A jelly (D:4)
  A hound (D:4)
  3 gnolls (D:4)
  2 adders
  A worm (D:4)
  2 dart slugs (D:1)
  9 ball pythons
  3 endoplasms
  A giant cockroach (D:1)
  3 goblins (D:1)
  5 hobgoblins
  4 jackals (D:1)
  3 kobolds (D:1)
  2 quokkas (D:2)
  4 bats
  2 frilled lizards (D:1)
  4 rats
50 creatures vanquished.

Notes
Turn   | Place    | Note
-------+----------+-------------------------------------------
     0 | D:1      | hikkokomori the Merfolk Gladiator began the quest for the
                  | Orb.
     0 | D:1      | Reached XP level 1. HP: 16/16 MP: 1/1
    93 | D:1      | Reached XP level 2. HP: 20/23 MP: 2/2
   186 | D:1      | Found a faded altar of an unknown god.
   237 | D:1      | Reached skill level 1 in Stealth
   454 | D:1      | Reached XP level 3. HP: 24/28 MP: 3/3
  1341 | D:2      | Reached XP level 4. HP: 35/35 MP: 4/4
  1349 | D:2      | You fall into a shaft and drop 2 floors!
  1773 | D:4      | Reached skill level 5 in Dodging
  1773 | D:4      | Reached XP level 5. HP: 41/41 MP: 5/5
  1786 | D:4      | HP: 2/41 [acid (5)]
  1788 | D:4      | Frozen to death by an endoplasm

Illustrated notes

Levels and vault maps discovered:
D:1:      dpeg_arrival_three_same_balls, layout_basic,
          hellmonk_ecumenical_altar_crossroads
D:2:      layout_rooms, amcnicky_mini_pool_small, minmay_misc_feat_alley
D:4:      layout_gridville, temple_hall

Skill      XL: |  1  2  3  4 |
---------------+-------------+-----
Stealth        | 1 2 |  2.5
Long Blades    | 4 |  4.6
Fighting       | 3 |  3.4
Dodging        | 5 |  5.0
Throwing       | |  2.0

Action                     |  1- 3 |  4- 6 || total
---------------------------+-------+-------++-------
  Melee: Long sword        |    93 |    48 ||   141
    Use: Scroll            |       |     4 ||     4
         Potion            |       |     1 ||     1
   Stab: Sleeping          |     4 |     2 ||     6
 Armour: Leather armour    |    29 |     9 ||    38
         Skin              |       |    28 ||    28
  Dodge: Dodged            |    70 |    28 ||    98

Table legend: (Time is in decaauts)
 A = Elapsed time spent in this place.
 B = Non-inter-level travel time spent in this place.
 C = Inter-level travel time spent in this place.
 D = Time resting spent in this place.
 E = Time spent auto-exploring this place.
 F = Levels seen in this place.
 G = Mean time per level.
                   A        B        C        D        E       F      G
               +--------+--------+--------+--------+--------+-----+--------+
         Total |   1814 |   1767 |     47 |    206 |   1237 |   3 |  604.7 |
       Dungeon |   1814 |   1767 |     47 |    206 |   1237 |   3 |  604.7 |
               +--------+--------+--------+--------+--------+-----+--------+

Top non-repeatable levels by time:
     D:1: 1128 daAuts
     D:4: 447 daAuts
     D:2: 239 daAuts
